 Dungeon Crawl Stone Soup version 0.31-a0-626-g8143ab4f1d (webtiles) character file.

Game seed: 14468585777151665924

16478 javelincjr the Thaumaturge (level 12, -2/91 HPs)
             Began as a Demonspawn Conjurer on Aug 23, 2023.
             Was an Elder of Sif Muna.
             Slain by a freezing wraith (15 damage)
             ... led by a death knight
             ... on level 12 of the Dungeon on Aug 24, 2023.
             The game lasted 01:49:14 (18853 turns).

javelincjr the Thaumaturge (Demonspawn Conjurer)   Turns: 18853, Time: 01:49:15

Health: -2/91      AC:  7    Str:  9    XL:     12   Next: 10%
Magic:  3/26       EV: 13    Int: 23    God:    Sif Muna [****..]
Gold:   1315       SH:  7    Dex:  8    Spells: 7/31 levels left

rFire   . . .        k - +5 dagger (protect)
rCold   . . .        K - +3 buckler {reflect}
rNeg    . . .        p - +1 robe of Xeir {rElec Regen+ Dex-4}
rPois   .            (no helmet)
rElec   +            (no cloak)
rCorr   .            (no gloves)
SInv    .            d - +0 pair of boots
Will    .....        (no amulet)
Stlth   +++          s - ring of flight
HPRegen 1.15/turn    y - ring of wizardry
MPRegen 0.20/turn

%: reflection, wizardry (x1)
@: mighty, about to teleport, spiked, flying, slowed, very slow
A: claws 1, slimy green scales 2, demonic guardian 2, powered by pain 2
a: Renounce Religion, Channel Magic, Forget Spell, Divine Exegesis


You were on level 12 of the Dungeon.
You worshipped Sif Muna.
Sif Muna was greatly pleased with you.
You visited 2 branches of the dungeon, and saw 13 of its levels.
You also visited: Bailey.

You collected 1549 gold pieces.
You spent 234 gold pieces at shops.

Inventory:

Hand Weapons
 b - a +0 halberd of venom
 e - a +2 spectral quarterstaff
 h - a +0 trident
 k - a +5 dagger of protection (weapon)
 z - a +2 bardiche of venom
 N - a +4 spear of pain
Missiles
 f - 2 throwing nets
 G - 52 poisoned darts
Armour
 d - a +0 pair of boots (worn)
 p - the +1 robe of Xeir (worn) {rElec Regen+ Dex-4}
   (You bought it in a shop on level 2 of the Dungeon)

   Dex-4:     It affects your dexterity (-4).
   rElec:     It insulates you from electricity.
   Regen+:    It increases your rate of health regeneration.
 x - a +2 chain mail of fire resistance
 H - a +2 scale mail of poison resistance
 K - a +3 buckler of reflection (worn)
 M - +0 acid dragon scales
Jewellery
 s - a ring of flight (left claw)
 y - a ring of wizardry (right claw)
 D - a ring of poison resistance
 L - an amulet of faith
Wands
 o - a wand of flame (56)
 w - a wand of digging (5)
 B - a wand of iceblast (13)
 F - a wand of paralysis (21)
 O - a wand of mindburst (7)
Scrolls
 c - 3 scrolls of fear
 l - 4 scrolls of noise {unknown}
 n - 2 scrolls of silence {unknown}
 q - 2 scrolls of blinking {unknown}
 r - 5 scrolls of revelation
 t - 2 scrolls of vulnerability {unknown}
 v - 4 scrolls of teleportation
 A - a scroll of immolation {unknown}
 C - a scroll of poison {unknown}
Potions
 a - a potion of ambrosia {unknown}
 g - 3 potions of invisibility
 i - 2 potions of heal wounds
 j - 5 potions of curing
 m - 3 potions of berserk rage {unknown}
 E - a potion of degeneration {unknown}
 I - a potion of brilliance {unknown}
 J - a potion of cancellation {unknown}
 Q - a potion of enlightenment {unknown}
Miscellaneous
 u - a sack of spiders
 P - a phial of floods


   Skills:
 + Level 7.0 Fighting
 + Level 0.7 Short Blades
 + Level 7.6 Dodging
 + Level 8.1 Stealth
 + Level 3.4 Shields
 * Level 10.1 Spellcasting
 + Level 8.9 Conjurations
 + Level 0.7 Fire Magic
 + Level 1.3 Ice Magic
 + Level 6.1 Invocations
 + Level 0.7 Evocations


You had 7 spell levels left.
You knew the following spells:

 Your Spells              Type           Power      Damage    Failure   Level
a - Magic Dart            Conj           100%       1d8       1%          1
b - Searing Ray           Conj           100%       2d8       1%          2
c - Dazzling Flash        Conj/Hex       64%        N/A       1%          3
d - Iskenderun's Mystic   Conj/Tloc      32%        2d8       5%          4
e - Fulminant Prism       Conj/Hex       16%        3d10      5%          4
f - Ensorcelled Hibernat  Hex/Ice        28%        N/A       4%          2
g - Anguish               Hex/Necr       5%         N/A       32%         4
h - Flame Wave            Conj/Fire      33%        2d10      4%          4

Your spell library contained the following spells:

 Spells                   Type           Power      Damage    Failure   Level
 Kiss of Death            Conj/Necr      100%       2d13      1%          1
 Shock                    Conj/Air       100%       1d9       1%          1
 Lesser Beckoning         Tloc           22%        N/A       4%          2
 Passwall                 Tmut/Erth      9%         N/A       4%          2
 Sticky Flame             Conj/Fire      33%        2d5       4%          4
 Ozocubu's Armour         Ice            18%        N/A       6%          3
 Inner Flame              Hex/Fire       13%        N/A       9%          3
 Confusing Touch          Hex            11%        N/A       10%         3
 Gell's Gravitas          Tloc           11%        N/A       10%         3
 Swiftness                Air            11%        N/A       10%         3
 Teleport Other           Tloc           11%        N/A       10%         3
 Airstrike                Air            5%         2d(1-17)  32%         4
 Dispel Undead            Necr           11%        3d9       32%         4
 Metabolic Englaciation   Hex/Ice        7%         N/A       52%         5
 Simulacrum               Ice/Necr       7%         N/A       97%         6


Dungeon Overview and Level Annotations

Branches:
Dungeon (12/15)            Temple (1/1) D:7            Lair (0/5) D:8
    Orc (0/2) D:10         Bailey (visited)

Altars:
Ashenzari
Cheibriados
Dithmenos
Fedhas
Gozag
Hepliaklqana
Kikubaaqudgha
Makhleb
Nemelex Xobeh
Okawaru
Qazlal
Ru
Sif Muna
Trog
Uskayaw
Vehumet
Wu Jian
Xom
Yredelemnul

Shops:
D:2 [   D:7 *

Annotations:
D:10 1 exclusion


Innate Abilities, Weirdness & Mutations

You have sharp fingernails.
You are mostly covered in slimy green scales. (AC +3)
A demonic guardian rushes to your aid.
You sometimes gain power by taking damage.


Message History

The freezing wraith is almost destroyed.
The orc wizard gestures wildly while chanting.
The orc wizard flickers and vanishes!
Deactivating autopickup; reactivate with Ctrl-A.
The freezing wraith closely misses you.
The freezing wraith hits you but does no damage.
The manticore bites your rust devil! The manticore claws your rust devil. x2
Your rust devil hits the manticore!
Your rust devil corrodes the manticore!
You hit the freezing wraith but do no damage.
Your weapon exudes an aura of protection.
The freezing wraith is almost destroyed.
The freezing wraith barely misses you. The freezing wraith closely misses you.
The manticore bites your rust devil.
The manticore barely misses your rust devil.
The manticore claws your rust devil!
Your rust devil hits the manticore.
The manticore seems to be corroded for longer.
The freezing wraith hits you. The freezing wraith freezes you!
You focus on the pain.
You feel mightier all of a sudden. You block the freezing wraith's attack.
The manticore bites your rust devil! The manticore claws your rust devil.
Your rust devil dies!
Your rust devil disappears in a puff of smoke!
The freezing wraith barely misses you. The freezing wraith hits you.
The freezing wraith drains your vigour!
You feel as though you will be slow longer.
The manticore flicks its tail.
The volley of spikes hits you!
The barbed spikes become lodged in your body.
* * * LOW HITPOINT WARNING * * *
As you read the scroll of teleportation, it crumbles to dust.
You feel strangely unstable. You block the freezing wraith's attack.
The freezing wraith hits you.
* * * LOW HITPOINT WARNING * * *
The freezing wraith drains your vigour!
You feel as though you will be slow longer.
The freezing wraith hits you!
* * * LOW HITPOINT WARNING * * *
A demonic guardian appears!
The freezing wraith freezes you!
You die...

.. ... .###..# #.#.#.## #
......##.# # ........#
###.#####....###
........4H.....##
###.....#W#...... ## #####.#@#
##.## .. ###.#.# #.#
#.######.....# #.#
#........###.####.# ####.###.#
#....[)###### #.# #.#
#.###))p(...# #.# #.. ..#
#)#####.###
#.#####.###########.#####...#
#...........................####


You could see a manticore (corroded, ally target), a freezing wraith and a
friendly ice devil (summoned).

Vanquished Creatures
  A two-headed ogre (D:11)
  A cyclops (D:12)
  A manticore (D:11)
  Joseph (D:10)
  A kobold demonologist (D:10)
  A komodo dragon (D:10)
  A hornet (D:10)
  A vampire (D:11)
  A shadow (D:10)
  A wyvern (D:9)
  3 wraiths
  17 yaks
  2 vampire mosquitoes (D:12)
  Edmund (D:6)
  An acid dragon (D:10)
  2 water moccasins
  13 orc warriors
  A black bear (D:4)
  2 ogres
  12 centaurs
  4 phantoms (D:5)
  4 kobold brigands
  4 bullfrogs
  2 scorpions
  Blork the orc (D:6)
  A gnoll sergeant (D:10)
  4 wights (D:10)
  15 killer bees
  9 howler monkeys
  A crimson imp (D:3)
  4 hounds
  12 orc priests
  2 jellies (D:6)
  A sleepcap (D:7)
  8 iguanas
  Natasha (D:3)
  19 orc wizards
  6 gnolls
  5 adders
  A worm (D:2)
  3 dart slugs
  84 orcs
  10 endoplasms
  A giant cockroach (D:4)
  6 hobgoblins
  5 jackals
  3 quokkas
  8 ball pythons
  8 bats
  A frilled lizard (D:1)
  8 goblins
  2 goblin skeletons (D:3)
  A goblin zombie (D:3)
  2 hobgoblin zombies (D:3)
  17 kobolds
  2 kobold skeletons (D:3)
  A kobold zombie (D:3)
  2 orc zombies (D:3)
  8 rats
340 creatures vanquished.

Vanquished Creatures (collateral kills)
  A boulder beetle (D:11)
  A death knight (D:12)
  A cyclops (D:12)
  A freezing wraith (D:12)
  3 trolls
  3 yaks
  An acid dragon (D:12)
  3 orc warriors
  A centaur (D:9)
  A kobold brigand (D:10)
  An orc priest (D:12)
  2 orcs (D:12)
19 creatures vanquished.

Vanquished Creatures (others)
  An ugly thing (D:11)
  An orc wizard (D:5)
  55 fulminant prisms
57 creatures vanquished.

Grand Total: 416 creatures vanquished

Notes
Turn   | Place    | Note
-------+----------+-------------------------------------------
     0 | D:1      | javelincjr the Demonspawn Conjurer began the quest for the
                  | Orb.
     0 | D:1      | Reached XP level 1. HP: 13/13 MP: 3/3
   415 | D:1      | Gained mutation: You have sharp fingernails. [demonic
                  | ancestry]
   415 | D:1      | Reached XP level 2. HP: 19/19 MP: 1/5
  1089 | D:2      | Learned a level 2 spell: Searing Ray
  1138 | D:2      | Gained mutation: You are partially covered in slimy green
                  | scales. (AC +2) [demonic ancestry]
  1138 | D:2      | Reached XP level 3. HP: 21/24 MP: 0/6
  1322 | D:2      | Found Itetauk's Armour Shoppe.
  1543 | D:2      | Found a shimmering altar of Xom.
  2191 | D:2      | Bought the +1 robe of Xeir {rElec Regen+ Dex-4} for 124
                  | gold pieces
  2254 | D:3      | Reached XP level 4. HP: 30/30 MP: 2/8
  2560 | D:3      | Reached XP level 5. HP: 35/35 MP: 0/9
  3083 | D:3      | Reached skill level 3 in Spellcasting
  3248 | D:3      | Noticed Natasha
  3261 | D:3      | Killed Natasha
  3323 | D:3      | Found a broken altar of Ashenzari.
  3425 | D:4      | Reached skill level 5 in Conjurations
  3459 | D:4      | Gained mutation: You are mostly covered in slimy green
                  | scales. (AC +3) [demonic ancestry]
  3459 | D:4      | Reached XP level 6. HP: 40/41 MP: 4/11
  3819 | D:4      | Found a shimmering altar of Xom.
  4216 | D:4      | Reached XP level 7. HP: 46/46 MP: 6/12
  4460 | D:4      | Found a burning altar of Makhleb.
  4482 | D:4      | Reached skill level 4 in Spellcasting
  4575 | D:4      | Reached skill level 1 in Fighting
  4968 | D:4      | Found an ornate altar of the Wu Jian Council.
  5079 | D:5      | Entered Level 5 of the Dungeon
  5494 | D:5      | Learned a level 3 spell: Dazzling Flash
  5500 | D:5      | Gained mutation: You sometimes gain a little power by
                  | taking damage. [demonic ancestry]
  5500 | D:5      | Reached XP level 8. HP: 56/56 MP: 4/15
  5591 | D:5      | Reached skill level 5 in Spellcasting
  5677 | D:5      | Learned a level 4 spell: Iskenderun's Mystic Blast
  5914 | D:5      | Found a shimmering blue altar of Sif Muna.
  5923 | D:5      | Became a worshipper of Sif Muna the Loreminder
  6033 | D:5      | Found a blossoming altar of Fedhas.
  6466 | D:6      | Reached skill level 5 in Stealth
  6578 | D:6      | Found a hazy altar of Hepliaklqana.
  6693 | D:6      | Noticed Blork the orc
  6699 | D:6      | Killed Blork the orc
  6717 | D:6      | Reached skill level 5 in Dodging
  6717 | D:6      | Reached skill level 6 in Spellcasting
  7334 | D:6      | Noticed Edmund
  7585 | D:6      | Killed Edmund
  7586 | D:6      | Reached XP level 9. HP: 60/64 MP: 4/18
  7911 | D:7      | Found Tikoe's Assorted Antiques.
  7919 | D:7      | Bought a grey potion for 26 gold pieces
  7919 | D:7      | Bought a scroll labelled OPLARESMADU for 29 gold pieces
  7919 | D:7      | Bought an amethyst potion for 26 gold pieces
  7919 | D:7      | Bought a scroll labelled PEUN WUWEFU for 29 gold pieces
  8396 | D:7      | Reached * piety under Sif Muna
  8798 | D:7      | Found a staircase to the Ecumenical Temple.
  8833 | Temple   | Entered the Ecumenical Temple
  9596 | D:8      | Reached skill level 7 in Spellcasting
  9898 | D:8      | Found an iron altar of Okawaru.
  9913 | D:8      | Found a hide-covered altar of Uskayaw.
 10677 | D:8      | Reached ** piety under Sif Muna
 10806 | D:8      | Found a staircase to the Lair.
 10983 | D:9      | Gained mutation: A weak demonic guardian rushes to your
                  | aid. [demonic ancestry]
 10983 | D:9      | Reached XP level 10. HP: 24/73 MP: 9/21
 10984 | D:9      | Reached skill level 1 in Invocations
 10986 | D:9      | Reached skill level 5 in Fighting
 11162 | D:9      | Found a flagged portal.
 11185 | Bailey   | Entered a bailey
 11709 | Bailey   | Reached skill level 8 in Spellcasting
 12203 | Bailey   | Learned a level 4 spell: Fulminant Prism
 12216 | Bailey   | Learned a level 2 spell: Ensorcelled Hibernation
 13196 | Bailey   | Acquired a +1 buckler of reflection
 13202 | Bailey   | Acquired 652 gold pieces
 13282 | D:9      | Found a stormy altar of Qazlal.
 13533 | D:9      | Reached *** piety under Sif Muna
 14199 | D:10     | Entered Level 10 of the Dungeon
 14199 | D:10     | Noticed Joseph
 14210 | D:10     | Killed Joseph
 14211 | D:10     | Reached skill level 1 in Shields
 14585 | D:10     | Found a staircase to the Orcish Mines.
 14623 | D:10     | Upgraded the game from 0.31-a0-620-gd1cbd99268 to
                  | 0.31-a0-626-g8143ab4f1d
 14871 | D:10     | Gained mutation: A demonic guardian rushes to your aid.
                  | [demonic ancestry]
 14871 | D:10     | Reached XP level 11. HP: 81/81 MP: 11/23
 14990 | D:10     | Reached skill level 9 in Spellcasting
 16334 | D:11     | Reached **** piety under Sif Muna
 16416 | D:11     | Reached skill level 5 in Invocations
 16538 | D:11     | Noticed a boulder beetle
 16545 | D:11     | Learned a level 4 spell: Anguish
 16556 | D:11     | Noticed a red ugly thing
 16699 | D:11     | Killed a cyan ugly thing
 16713 | D:11     | Killed a boulder beetle
 17197 | D:11     | Learned a level 4 spell: Flame Wave
 17237 | D:11     | Noticed a two-headed ogre
 17246 | D:11     | Killed a two-headed ogre
 18092 | D:12     | Reached skill level 1 in Ice Magic
 18220 | D:12     | Noticed a catoblepas
 18220 | D:12     | Noticed a catoblepas
 18556 | D:12     | Reached skill level 10 in Spellcasting
 18570 | D:12     | Gained mutation: You sometimes gain power by taking damage.
                  | [demonic ancestry]
 18570 | D:12     | Reached XP level 12. HP: 49/91 MP: 17/26
 18574 | D:12     | Noticed a death knight
 18595 | D:12     | Killed a death knight
 18853 | D:12     | Slain by a freezing wraith

Illustrated notes

Levels and vault maps discovered:
D:1:      amcnicky_arrival_gap_in_the_tavern_cellar, layout_basic,
          minmay_heptomino_o4
D:2:      layout_loops_corners, basic_altar, serial_shops, shop
D:3:      layout_rooms, marbit_many_paths, nicolae_tso_besieged_by_evil,
          uniq_natasha
D:4:      layout_loops_ring, bloody_makhleb, tgw_xom,
          nicolae_wu_jian_immortal_techniques
D:5:      layout_cave_pools, fedhas_altar_fruit_tree, zin_treasury, tgw_sif
D:6:      layout_basic, nicolae_hepliaklqana_hazy_memory, uniq_blork_the_orc,
          uniq_edmund
D:7:      layout_basic, minmay_temple_entry_stoned_glass, serial_shops, shop,
          nicolae_figureground_pulse
D:8:      layout_rooms, mainiacjoe_overflow_big_doors, lair_entry_dummy,
          hangedman_decor_riveting, serial_bayou_lagoon_a,
          corexii_hall_statues_t
D:9:      layout_basic, mainiacjoe_overflow_catwalk, enter_bailey_2
D:10:     minmay_s_stair_smasher, layout_basic, david_orc_5, uniq_joseph
D:11:     layout_cave_pods
D:12:     nzn_motion_control, layout_loops_ring
Temple:   zaba_magenta_temple

Skill      XL: |  1  2  3  4  5  6  7  8  9 10 11 |
---------------+----------------------------------+-----
Stealth        | 2 3 4 5 6 7 8 |  8.1
Dodging        | 2 3 4 5 6 7 |  7.6
Spellcasting   | 3 4 6 7 8 10 | 10.1
Conjurations   | 5 6 7 8 |  8.9
Fighting       | 2 3 4 6 7 |  7.0
Invocations    | 4 6 |  6.1
Shields        | 1 3 |  3.4
Ice Magic      | 1 |  1.3
Short Blades   | |  0.7
Fire Magic     | |  0.7
Evocations     | |  0.7

Action                     |  1- 3 |  4- 6 |  7- 9 | 10-12 || total
---------------------------+-------+-------+-------+-------++-------
  Melee: Unarmed           |     2 |       |       |       ||     2
         Trident           |    12 |       |       |       ||    12
         Short sword       |     7 |       |       |       ||     7
         Dagger            |     3 |   139 |   156 |   296 ||   594
         Punch             |       |       |     1 |     1 ||     2
         Spear             |       |       |       |     6 ||     6
   Cast: Magic Dart        |    70 |    49 |   163 |   274 ||   556
         Searing Ray       |     3 |    28 |    43 |    36 ||   110
         Dazzling Flash    |       |       |     2 |     2 ||     4
         Iskenderun's Myst |       |       |    59 |   108 ||   167
         Fulminant Prism   |       |       |       |    55 ||    55
         Ensorcelled Hiber |       |       |       |     5 ||     5
         Anguish           |       |       |       |     4 ||     4
         Flame Wave        |       |       |       |     2 ||     2
 Invoke: Channel Magic     |       |       |       |     7 ||     7
  Evoke: Wand              |       |       |     1 |       ||     1
    Use: Scroll            |       |       |     7 |    12 ||    19
         Potion            |       |       |     2 |     1 ||     3
   Stab: Sleeping          |       |     2 |       |     1 ||     3
 Armour: Robe              |     6 |    73 |    92 |   153 ||   324
  Dodge: Dodged            |    14 |    81 |   190 |   266 ||   551
  Block: Buckler           |       |       |       |   104 ||   104
         Reflection        |       |       |       |     7 ||     7

Table legend: (Time is in decaauts)
 A = Elapsed time spent in this place.
 B = Non-inter-level travel time spent in this place.
 C = Inter-level travel time spent in this place.
 D = Time resting spent in this place.
 E = Time spent auto-exploring this place.
 F = Levels seen in this place.
 G = Mean time per level.
                   A        B        C        D        E       F      G
               +--------+--------+--------+--------+--------+-----+--------+
         Total |  18958 |  18513 |    445 |   2920 |  11561 |  14 | 1354.1 |
       Dungeon |  16891 |  16446 |    445 |   2286 |  10915 |  12 | 1407.6 |
        Temple |      7 |      7 |      0 |      0 |      0 |   1 |    7.0 |
        Bailey |   2058 |   2058 |      0 |    634 |    646 |   1 | 2058.0 |
               +--------+--------+--------+--------+--------+-----+--------+

Top non-repeatable levels by time:
    D:10: 2206 daAuts
  Bailey: 2058 daAuts
    D:11: 1735 daAuts
     D:4: 1717 daAuts
     D:8: 1666 daAuts
     D:7: 1558 daAuts
     D:6: 1460 daAuts
     D:5: 1342 daAuts
     D:2: 1200 daAuts
     D:3: 1147 daAuts
     D:9: 1032 daAuts
     D:1: 1024 daAuts
    D:12: 799 daAuts
  Temple: 7 daAuts
